 Dungeon Crawl Stone Soup version 0.28.0-45-g0d030f2227 (webtiles) character file.

Game seed: 4787314817241920761

447 seaoflcl the Covered (level 7, -3/54 HPs)
             Began as a Human Fighter on Apr 12, 2022.
             Was a Priest of Zin.
             Killed by nerve-wracking pain
             ... invoked by Grinder
              (12 damage)
             ... on level 5 of the Dungeon.
             The game lasted 00:05:57 (5312 turns).

seaoflcl the Covered (Human Fighter)                Turns: 5312, Time: 00:05:58

Health: -3/54      AC:  0    Str: 18    XL:     7   Next: 24%
Magic:  0/7        EV: 13    Int:  8    God:    Zin [***...]
Gold:   236        SH:  0    Dex: 13    Spells: 6/6 levels left

rFire   . . .      SeeInvis .   (weapon currently unavailable)
rCold   . . .      Faith    .   (shield currently unavailable)
rNeg    . . .      Spirit   +   (armour currently unavailable)
rPois   .          Reflect  .   (helmet currently unavailable)
rElec   .          Harm     .   (cloak currently unavailable)
rCorr   .          Rampage  .   (gloves currently unavailable)
Will    .....                   (boots currently unavailable)
Stlth   ++........              j - amulet of guardian spirit
HPRegen 0.18/turn               (ring currently unavailable)
MPRegen 0.10/turn               (ring currently unavailable)

@: pig-form (expiring), very quick
A: fast, no casting, small
a: Renounce Religion, Recite, Vitalisation, Imprison, Donate Gold


You were on level 5 of the Dungeon.
You worshipped Zin.
Zin was most pleased with you.
You were a filthy swine.
You visited 1 branch of the dungeon, and saw 5 of its levels.

You collected 262 gold pieces.
You donated 26 gold pieces to Zin.

Inventory:

Hand Weapons
 a - a +0 long sword (melded)
 b - a +0 hunting sling
 t - a +0 vorpal halberd
Missiles
 s - 23 sling bullets
Armour
 c - a +0 buckler (melded)
 q - a +0 chain mail (melded)
 w - a +0 cloak (melded)
Jewellery
 j - an amulet of guardian spirit (around neck)
 o - the ring of Voxtu (melded) {rPois Will- Str+8 Int-2 Stlth+}
   (You found it on level 3 of the Dungeon)

   [ring of poison resistance]

   Str:       It affects your strength (+8).
   Int:       It affects your intelligence (-2).
   rPois:     It protects you from poison.
   Will:      It decreases your willpower.
   Stlth:     It makes you more stealthy.
 u - a ring of protection from cold
 v - an amulet of reflection
Scrolls
 h - a scroll of summoning {unknown}
 i - a scroll of noise {unknown}
 k - 2 scrolls of amnesia {unknown}
 l - a scroll of blinking {unknown}
 m - 2 scrolls of identify {unknown}
 p - 3 scrolls of teleportation {unknown}
 r - a scroll of silence {unknown}
Potions
 d - 2 potions of might
 e - 5 potions of heal wounds {unknown}
 f - a potion of curing {unknown}
 g - a potion of degeneration {unknown}
 n - a potion of mutation {unknown}
 x - a potion of ambrosia {unknown}


   Skills:
 + Level 4.0 Fighting
 + Level 4.6 Long Blades
 + Level 0.2 Slings
 + Level 4.6 Armour
 + Level 0.5 Dodging
 + Level 0.8 Stealth
 + Level 4.1 Shields


You had 6 spell levels left.
You didn't know any spells.
Your spell library contained the following spells:

 Spells                   Type           Power      Damage    Failure   Level
 Slow                     Hex            0%         N/A       41%         1
 Confusing Touch          Hex            0%         N/A       78%         3
 Tukima's Dance           Hex            0%         N/A       78%         3
 Vampiric Draining        Necr           0%         2d6       78%         3
 Anguish                  Hex/Necr       0%         N/A       99%         4
 Enfeeble                 Hex            0%         N/A       100%        7


Dungeon Overview and Level Annotations

Branches:
Dungeon (5/15)             Temple (0/1) D:4

Altars:
Ashenzari
Fedhas
Nemelex Xobeh
Trog
Uskayaw
Vehumet
Wu Jian
Zin

Shops:
D:1 [   D:3 :

Annotations:
D:5 Grinder


Message History

You hit Grinder but do no damage.
Grinder is almost dead.
Grinder blinks!
Grinder zaps a wand.
You turn into a filthy swine.
Your +0 long sword melds into your body.
Your +0 cloak melds into your body.
Your +0 buckler melds into your body.
Your +0 chain mail melds into your body.
The ring of Voxtu {rPois Will- Str+8 Int-2 Stlth+} melds into your body.
Found 10 gold pieces.
Found 9 gold pieces.
You start resting.
Grinder is nearby!
Grinder is nearby!
You start resting.
Grinder is nearby!
You start resting.
Grinder is nearby!
You start resting.
Grinder is nearby!
Grinder is nearby!
Grinder is nearby!
Grinder is nearby!
You hit Grinder.
Grinder is almost dead.
Grinder gestures at you. Pain shoots through your body!
* * * LOW HITPOINT WARNING * * *
You barely miss Grinder.
Grinder is almost dead.
Grinder gestures at you. Pain shoots through your body!
* * * LOW HITPOINT WARNING * * *
You hit Grinder.
Grinder is almost dead.
Your transformation is almost over.
Grinder misses you.
You closely miss Grinder.
Grinder is almost dead.
Grinder gestures at you. Pain shoots through your body!
You die...

### #.## ###..###
####/.....##
#..#.......###
###............#
####...............
......$.#..<.......
........#h.........
........5..........
#.#.....?..PP......
# ##..##...........
#.. #...........
$... .#..........
......######......
...... #.... .#
....


You could see Grinder.

Vanquished Creatures
  An ice beast (D:4)
  Blork the orc (D:4)
  A scorpion (D:4)
  A howler monkey (D:4)
  An orc wizard (D:3)
  A killer bee zombie (D:4)
  A gnoll (D:1)
  A howler monkey zombie (D:5)
  2 adders (D:4)
  A howler monkey skeleton (D:4)
  3 worms
  2 dart slugs
  10 orcs
  4 ball pythons
  6 endoplasms
  4 giant cockroaches
  4 goblins
  13 hobgoblins
  7 kobolds
  3 quokkas
  4 bats
  4 frilled lizards
  6 rats
81 creatures vanquished.

Notes
Turn   | Place    | Note
-------+----------+-------------------------------------------
     0 | D:1      | seaoflcl the Human Fighter began the quest for the Orb.
     0 | D:1      | Reached XP level 1. HP: 18/18 MP: 1/1
   184 | D:1      | Reached XP level 2. HP: 24/24 MP: 2/2
   376 | D:1      | Found Sazxiloc's Armour Emporium.
   650 | D:1      | Reached XP level 3. HP: 27/29 MP: 3/3
  1304 | D:2      | Found a faded altar of an unknown god.
  1990 | D:2      | Reached XP level 4. HP: 35/35 MP: 4/4
  2798 | D:3      | Found a blossoming altar of Fedhas.
  2831 | D:3      | Found Iwylu's Book Boutique.
  2866 | D:3      | Found an ornate altar of the Wu Jian Council.
  2866 | D:3      | Found a glowing silver altar of Zin.
  2871 | D:3      | Became a worshipper of Zin the Law-Giver
  2928 | D:3      | Reached * piety under Zin
  3032 | D:3      | Identified the ring of Voxtu {rPois Will- Str+8 Int-2
                  | Stlth+}
  3185 | D:3      | Reached XP level 5. HP: 34/41 MP: 3/5
  3693 | D:4      | Found a sparkling altar of Nemelex Xobeh.
  3694 | D:4      | Noticed an ice beast
  3715 | D:4      | Killed an ice beast
  3716 | D:4      | Reached XP level 6. HP: 24/48 MP: 1/6
  3896 | D:4      | Found a radiant altar of Vehumet.
  4140 | D:4      | Found a bloodstained altar of Trog.
  4175 | D:4      | Reached ** piety under Zin
  4194 | D:4      | Noticed Blork the orc
  4206 | D:4      | Killed Blork the orc
  4366 | D:4      | Found a staircase to the Ecumenical Temple.
  4377 | D:4      | Reached XP level 7. HP: 45/54 MP: 7/7
  4457 | D:4      | Found a broken altar of Ashenzari.
  4629 | D:4      | Found a hide-covered altar of Uskayaw.
  4786 | D:4      | Reached *** piety under Zin
  5130 | D:5      | Entered Level 5 of the Dungeon
  5273 | D:5      | Noticed Grinder
  5280 | D:5      | Paralysed by Grinder for 5 turns
  5312 | D:5      | Killed from afar by Grinder

Illustrated notes

Levels and vault maps discovered:
D:1:      minmay_arrival_four_loops, layout_basic, serial_shops, shop,
          serial_park_tiny_1
D:2:      layout_basic, shapermc_ecumenical_altar_petra
D:3:      layout_loops_corners, gammafunk_temple_overflow_wave, fedhas_altar_2,
          serial_shops, nicolae_shop_advertising_works
          [nicolae_subvault_shop_adworks], kennysheep_nub
D:4:      layout_gridville, mainiacjoe_overflow_chevrons,
          overflow_temple_1_default, ashenzari_conservatory_becter,
          mainiacjoe_overflow_six_doors_small,
          nemelex_xobeh_ov_fountains_minmay, temple_fountains,
          serial_co_window_serial, co_window_paths_a, co_window_paths_a,
          co_window_paths_a, co_window_corner_a, co_window_paths_a,
          co_window_paths_a, co_window_cross_4, co_window_paths_c,
          co_window_2corner, co_window_4corner_a, glass_columns_b,
          glass_columns_c, glass_columns_b, uniq_blork_the_orc
D:5:      layout_cave_pools, serial_undead, serial_undead_e, serial_undead_c,
          serial_undead_c, serial_undead_e, uniq_pikel, uniq_grinder

Skill      XL: |  1  2  3  4  5  6 |
---------------+-------------------+-----
Long Blades    | 3 4 |  4.6
Armour         | 4 |  4.6
Fighting       | 4 |  4.0
Shields        | 4 |  4.1
Slings         | |  0.2
Dodging        | |  0.5
Stealth        | |  0.8

Action                   |  1- 3 |  4- 6 |  7- 9 || total
-------------------------+-------+-------+-------++-------
Melee: Long sword        |    78 |   157 |    33 ||   268
       Unarmed           |       |       |     4 ||     4
 Fire: Hunting sling     |       |       |     4 ||     4
  Use: Potion            |       |     1 |       ||     1
Armor: Scale mail        |    31 |    36 |       ||    67
       Chain mail        |       |    32 |    28 ||    60
Dodge: Dodged            |    30 |    51 |    22 ||   103
Block: Buckler           |    18 |    40 |     9 ||    67
